 Dungeon Crawl Stone Soup version 0.20-a0-1124-g2e29d97 (webtiles) character file.

181 poirepourri the Conjurer (level 5, -7/28 HPs)
             Began as a Deep Elf Conjurer on May 15, 2017.
             Killed by divine providence
             ... invoked by an orc priest
              (15 damage)
             ... on level 3 of the Dungeon.
             The game lasted 00:03:41 (3071 turns).

poirepourri the Conjurer (Deep Elf Conjurer)        Turns: 3071, Time: 00:03:43

Health: -7/28      AC:  3    Str:  5    XL:     5   Next: 34%
Magic:  5/15       EV: 13    Int: 21    God:
Gold:   116        SH:  0    Dex: 15    Spells: 1/15 levels left

rFire    . . .     SeeInvis +   j - +1 short sword (venom)
rCold    . . .     Gourm    .   (no shield)
rNeg     . . .     Faith    .   a - +1 robe
rPois    .         Spirit   .   (no helmet)
rElec    .         Reflect  .   (no cloak)
rCorr    .         Harm     .   (no gloves)
MR       .....                  (no boots)
Stlth    ++........             (no amulet)
Regen    0.1/turn               e - ring of see invisible
MPRegen  0.2/turn               (no ring)

@: no status effects
A: no striking features
a: no special abilities


You were on level 3 of the Dungeon.
You were not hungry.

You visited 1 branch of the dungeon, and saw 3 of its levels.

You collected 116 gold pieces.

Inventory:

Hand Weapons
 j - a +1 short sword of venom (weapon)
Armour
 a - a +1 robe (worn)
Jewellery
 e - a ring of see invisible (left hand)
Potions
 f - a potion of lignification
 g - 2 potions of cancellation {unknown}
 h - a potion of brilliance {unknown}
 i - a potion of ambrosia {unknown}
 m - a potion of heal wounds {unknown}
Books
 b - a book of Conjurations

   Spells                             Type                      Level
   a - Magic Dart                     Conjuration                  1
   b - Searing Ray                    Conjuration                  2
   c - Dazzling Spray                 Conjuration/Hexes            3
   d - Fulminant Prism                Conjuration/Hexes            4
   e - Force Lance                    Conjuration/Translocation    4
   f - Iskenderun's Mystic Blast      Conjuration                  4
Comestibles
 c - a bread ration


   Skills:
 + Level 2.6 Dodging
 - Level 2.4 Stealth
 * Level 5.5 Spellcasting
 + Level 6.0 Conjurations


You had one spell level left.
You knew the following spells:

 Your Spells              Type           Power        Failure   Level  Hunger
a - Magic Dart            Conj           ####         1%          1    None
b - Searing Ray           Conj           ####..       1%          2    None
c - Dazzling Spray        Conj/Hex       ###...       9%          3    ##.....
d - Fulminant Prism       Conj/Hex       ###.......   28%         4    ####...
e - Force Lance           Conj/Tloc      ###.....     28%         4    ####...


Dungeon Overview and Level Annotations

Branches:
Dungeon (3/15)

Altars:


Message History

Aim: an orc priest, wielding a dagger and wearing a ring mail (moderately wounded)
The magic dart hits the orc priest.
The orc priest is severely wounded.
The orc priest mumbles some strange prayers to Beogh against you.
Beogh smites you!
Ouch! That really hurt!
* * * LOW HITPOINT WARNING * * *
You hear a shout! x2
Casting: Magic Dart
Confirm with . or Enter, or press ? or * to list all spells.
Aiming: Searing Ray
Press: ? - help, Shift-Dir - straight line, f/p - orc priest
Aim: an orc priest, wielding a dagger and wearing a ring mail (heavily wounded)
The searing ray hits the orc priest.
The orc priest is heavily wounded. (Press . to maintain the ray.)
The orc priest calls down the wrath of Beogh upon you.
Beogh smites you!
Ouch! That really hurt!
You die...

#.#.#.#.#.# .#
..#.#.#.#.## #. #.
########.#.#.#.#.## #. #.#
#.......#.#.#.#.#.##.##.#.
.........#.#.#.#.#.#.#.#.#
#...o#.#.#.#.#.#.#.#.#
o.)..###o#.#.#.#.#.#.#.#
#o# ##.#.#.#.#.#.#.#
#.#@#.#.#.#...#.#
##.######.....### #.#
#.P...#
##'######....+#####
#.......#..........
#.......#..#.......
#.......##..†......
#.......###.#+#####
#.......# #.#.#


You could see an orc priest and an orc wizard.

Vanquished Creatures
  An orc priest (D:3)
  Terence (D:3)
  A hound zombie (D:3)
  Robin (D:3)
  A worker ant zombie (D:3)
  3 adders (D:2)
  An ooze (D:3)
  A dart slug (D:2)
  A leopard gecko (D:2)
  2 orcs (D:3)
  2 bats
  2 giant cockroaches (D:2)
  7 goblins
  7 hobgoblins
  4 jackals (D:2)
  A quokka (D:3)
  A ball python zombie (D:3)
  2 frilled lizards
  A jackal skeleton (D:3)
  A jackal zombie (D:3)
  8 kobolds
  A leopard gecko zombie (D:3)
  7 rats
57 creatures vanquished.

Notes
Turn   | Place    | Note
-------+----------+-------------------------------------------
     0 | D:1      | poirepourri the Deep Elf Conjurer began the quest for the Orb.
     0 | D:1      | Reached XP level 1. HP: 10/10 MP: 6/6
   573 | D:2      | Reached XP level 2. HP: 15/15 MP: 6/8
   591 | D:2      | Learned a level 2 spell: Searing Ray
   642 | D:2      | Reached skill level 5 in Conjurations
   689 | D:2      | Reached XP level 3. HP: 19/19 MP: 3/10
   694 | D:2      | Learned a level 3 spell: Dazzling Spray
  1918 | D:3      | Noticed Terence
  1924 | D:3      | Killed Terence
  1924 | D:3      | Reached XP level 4. HP: 24/24 MP: 5/12
  2237 | D:3      | Reached skill level 5 in Spellcasting
  2779 | D:3      | Noticed Robin
  2803 | D:3      | Killed Robin
  2803 | D:3      | Reached XP level 5. HP: 23/28 MP: 5/14
  2977 | D:3      | Learned a level 4 spell: Fulminant Prism
  2982 | D:3      | Learned a level 4 spell: Force Lance
  3060 | D:3      | Reached skill level 6 in Conjurations
  3071 | D:3      | Killed from afar by an orc priest

Vault maps used:
D:1:      sevenhm_arrival_forest_fort_large_2
D:2:      minmay_ruptured
D:3:      marbit_many_paths, serial_undead, serial_undead_c, serial_undead_a,
          serial_undead_a, serial_undead_f, serial_undead_d, serial_undead_e,
          serial_undead_c, serial_undead_a, uniq_terence, uniq_robin,
          uniq_crazy_yiuf_cottage

Skill      XL: |  1  2  3  4  5 |
---------------+----------------+-----
Conjurations   | 5 6 |  6.0
Spellcasting   | 4 5 |  5.5
Dodging        | |  2.6
Stealth        | |  2.4

Action                   |  1- 3 |  4- 6 || total
-------------------------+-------+-------++-------
 Cast: Magic Dart        |    57 |    21 ||    78
       Searing Ray       |     5 |    10 ||    15
  Use: Scroll            |     4 |     2 ||     6
  Eat: Chunk             |     2 |       ||     2
       Royal jelly       |     1 |       ||     1
       Fruit             |       |     5 ||     5
Armor: Robe              |     1 |     6 ||     7
Dodge: Dodged            |     5 |     7 ||    12
